 Dungeon Sprint DCSS version 0.19-a0-406-ge21436e (webtiles) character file.

11673 Groucho the Spry (level 11, -12/58 HPs)
             Began as a Spriggan Enchanter on May 31, 2016.
             Was the Champion of Makhleb.
             Mangled by a death cob (31 damage)
             ... in the Dungeon (Sprint VII: "The Pits").
             The game lasted 00:27:25 (6551 turns).

Groucho the Spry (Spriggan Enchanter)               Turns: 6551, Time: 00:27:26

Health: -12/58     AC:  4    Str:  6    XL:     11   Next: 52%
Magic:  17/27      EV: 34    Int: 20    God:    Makhleb [******]
Gold:   44         SH:  0    Dex: 21    Spells: 5 memorised, 20 levels left

rFire  . . .     SeeInvis +     q - +2 dagger
rCold  . . .     Gourm    .     b - +1 robe
rNeg   . . .     Faith    .     (shield restricted)
rPois  .         Spirit   .     (helmet restricted)
rElec  .         Dismiss  .     C - +0 cloak
rCorr  .         Reflect  .     (gloves unavailable)
SustAt .         Harm     .     (boots unavailable)
MR     +....     NoTele   +     (no amulet)
Stlth  +++++++...               g - +3 ring of intelligence
                                a - +3 ring of dexterity

@: slowed, quick, somewhat resistant to hostile enchantments, extremely stealthy
A: unfitting armour, see invisible, herbivore 3, speed 3, slow metabolism 2
a: Minor Destruction, Lesser Servant of Makhleb, Major Destruction, Greater
Servant of Makhleb, Renounce Religion


You were in the Dungeon.
You worshipped Makhleb.
Makhleb was exalted by your worship.
You were not hungry.

You visited 1 branch You collected 44 gold pieces.

Inventory:

Hand Weapons
 q - a +2 dagger (weapon)
 r - a +2 falchion
 s - a +2 long sword of flaming
 t - a +2 trident of piercing
 u - a +1 mace of crushing
 y - a +2 rapier of electrocution
 z - a +2 scimitar of flaming
 A - a +2 morningstar of protection
Missiles
 p - 47 stones (quivered)
Armour
 b - a +1 robe (worn)
 C - a +0 cloak (worn)
Jewellery
 a - a +3 ring of dexterity (left hand)
 g - a +3 ring of intelligence (right hand)
 I - an uncursed ring of poison resistance
 J - an uncursed ring of positive energy
 K - an uncursed ring of positive energy
Wands
 w - a wand of iceblast (10/15)
Scrolls
 j - 4 scrolls of blinking
 m - 4 scrolls of remove curse
 n - 5 scrolls of amnesia
 o - a scroll of summoning
 B - 2 scrolls of fear
 D - 2 scrolls of enchant armour
 E - 2 scrolls of enchant weapon
 G - 2 scrolls of fog
Potions
 e - 10 potions of curing
 f - 12 potions of heal wounds
 h - 4 potions of magic
 i - 4 potions of berserk rage
 l - 2 potions of invisibility
 v - 3 potions of haste
 x - a potion of agility
 F - a potion of cure mutation
 H - a potion of brilliance
Books
 c - a book of Maledictions

   Spells                             Type                      Level
   a - Corona                         Hexes                        1
   b - Ensorcelled Hibernation        Hexes/Ice                    2
   c - Confuse                        Hexes                        3
   d - Tukima's Dance                 Hexes                        3
   e - Dazzling Spray                 Conjuration/Hexes            3
Comestibles
 d - 8 bread rations
 k - 34 fruits


   Skills:
 - Level 7.0 Fighting
 * Level 12.6 Short Blades
 - Level 16.0 Dodging
 - Level 14.3 Stealth
 - Level 11.1 Spellcasting
 - Level 14.2 Hexes
 - Level 14.0 Invocations


You had 20 spell levels left.
You knew the following spells:

 Your Spells              Type           Power        Failure   Level  Hunger
a - Corona                Hex            ######.      0%          1    None
b - Ensorcelled Hibernat  Hex/Ice        #####.       1%          2    None
c - Confuse               Hex            ######..     1%          3    None
d - Dazzling Spray        Conj/Hex       #####.       1%          3    None
e - Tukima's Dance        Hex            ######..     1%          3    None


Dungeon Overview and Level Annotations

Branches:
Dungeon (1/1)

Altars:
Ashenzari
Cheibriados
Dithmenos
Elyvilon
Fedhas
Gozag
Kikubaaqudgha
Makhleb
Nemelex Xobeh
Okawaru
Pakellas
Qazlal
Ru
Sif Muna
Trog
Vehumet
Xom
Yredelemnul
Zin
The Shining One
Beogh
Jiyva
Lugonu


Innate Abilities, Weirdness & Mutations

You are tiny and cannot use many weapons and most armour.
You have supernaturally acute eyesight. (SInv)
You are a herbivore.
You cover ground extremely quickly.
You need consume almost no food.


Message History

Your green death dies!
The sixfirhy is engulfed in poison gas.
The insubstantial wisp completely misses you.
The sixfirhy is engulfed in poison gas.
A frost giant comes into view. It is wielding a battleaxe of freezing.
Unknown command.
Unknown command.
A demon appears!
The sixfirhy is engulfed in poison gas. x4
The insubstantial wisp misses you. The death cob hits you!
The death cob drains your vigour!
You feel yourself slow down.
Your neqoxec misses the insubstantial wisp.
A fire dragon comes into view.
Unknown command.
Unknown command.
The sixfirhy dies!
Makhleb accepts your kill. The death cob completely misses you.
The death cob hits you!!
Ouch! That really hurt!
You die...

#.# .#####C##########. #####
......D........... ____#
......§§)§........ ____#
########9'########
'##############vv##########
.'%.##.........v......##..#
.#?|##......#.3#z.....##..#
'#####.........2@.....''..#
......................''..#######
'#####......#..#......##.........
.#[[##........).......##.........
.#..#####.#####''################
##).##.......##)'##############
.#))##..)....##......#...'....###
.#..##.......##.)..###...###...#.
.#'###...<...##...##.'...'.##....


You could see a frost giant, a death cob, a gargoyle, 3 insubstantial wisps, a
friendly balrug and a friendly neqoxec.

Vanquished Creatures
  An orc high priest (D)
  2 death yaks (D)
  A deep troll (D)
  A flayed ghost (D)
  2 lindwurms (D)
  A manticore (D)
  An elephant (D)
  A rust devil (D)
  Maurice (D)
  An orange demon (D)
  A freezing wraith (D)
  A komodo dragon (D)
  2 kobold demonologists (D)
  An efreet (D)
  A two-headed ogre (D)
  A jumping spider (D)
  A polar bear (D)
  3 redbacks (D)
  A wyvern (D)
  2 wraiths (D)
  4 yaks (D)
  A mottled dragon (D)
  A water moccasin (D)
  A giant eyeball (D)
  3 orc warriors (D)
  2 swamp drakes (D)
  2 ice beasts (D)
  A wasp (D)
  A necrophage (D)
  A wolf (D)
  A centaur (D)
  A scorpion (D)
  3 wights (D)
  2 jellies (D)
  A quasit (D)
  2 iron imps (D)
  An orc priest (D)
  An orc wizard (D)
  An iguana (D)
  3 worker ants (D)
  A mummy (D)
  An adder (D)
  A river rat (D)
  An adder zombie (D)
  4 orcs (D)
  2 giant cockroaches (D)
  4 kobolds (D)
  2 quokkas (D)
  A ball python (D)
  A giant newt (D)
  2 jackal zombies (D)
  2 rats (D)
81 creatures vanquished.

Vanquished Creatures (collateral kills)
  A wizard (D)
  A sea snake (D)
  A sixfirhy (D)
  A molten gargoyle (D)
  An air elemental (D)
  2 yaks (D)
  An orc warrior (D)
  A wasp (D)
  An iron imp (D)
  An iguana (D)
  An orc (D)
  A kobold (D)
13 creatures vanquished.

Vanquished Creatures (others)
  A redback (D)
1 creature vanquished.

Grand Total: 95 creatures vanquished

Notes
Turn   | Place    | Note
--------------------------------------------------------------
     0 | D        | Groucho the Spriggan Enchanter began the quest for the Orb.
     0 | D        | Reached XP level 1. HP: 9/9 MP: 5/5
    11 | D        | Noticed a worker ant
    14 | D        | Killed a worker ant
    14 | D        | Reached XP level 2. HP: 13/13 MP: 5/8
    50 | D        | Found a sacrificial altar of Ru.
    50 | D        | Found a basalt altar of Yredelemnul.
    50 | D        | Found a shadowy altar of Dithmenos.
    50 | D        | Found a deep blue altar of Sif Muna.
    50 | D        | Found a burning altar of Makhleb.
    50 | D        | Found a shimmering altar of Xom.
    50 | D        | Found an ancient bone altar of Kikubaaqudgha.
    50 | D        | Found a sparkling altar of Nemelex Xobeh.
    51 | D        | Found a glowing golden altar of the Shining One.
    51 | D        | Found a bloodstained altar of Trog.
    51 | D        | Found a shattered altar of Ashenzari.
    51 | D        | Found a white marble altar of Elyvilon.
    51 | D        | Found a snail-covered altar of Cheibriados.
    51 | D        | Found a blossoming altar of Fedhas.
    51 | D        | Found a radiant altar of Vehumet.
    51 | D        | Found a glowing silver altar of Zin.
    51 | D        | Found a corrupted altar of Lugonu.
    51 | D        | Found a viscous altar of Jiyva.
    51 | D        | Found a roughly hewn altar of Beogh.
    51 | D        | Found an iron altar of Okawaru.
    52 | D        | Found an oddly glowing altar of Pakellas.
    57 | D        | Found a stormy altar of Qazlal.
    57 | D        | Found an opulent altar of Gozag.
    71 | D        | Became a worshipper of Makhleb the Destroyer
    83 | D        | Learned a level 2 spell: Ensorcelled Hibernation
    86 | D        | Reached skill level 5 in Spellcasting
    86 | D        | Reached XP level 3. HP: 16/16 MP: 8/10
    87 | D        | Reached * piety under Makhleb
    92 | D        | Learned a level 3 spell: Confuse
    96 | D        | Learned a level 3 spell: Dazzling Spray
   100 | D        | Learned a level 3 spell: Tukima's Dance
   109 | D        | Reached ** piety under Makhleb
   120 | D        | Noticed a giant eyeball
   163 | D        | Reached XP level 4. HP: 19/21 MP: 1/13
   217 | D        | Reached *** piety under Makhleb
   237 | D        | Killed a giant eyeball
   237 | D        | Reached skill level 10 in Hexes
   237 | D        | Reached XP level 5. HP: 24/24 MP: 5/17
   501 | D        | Noticed a wolf
   512 | D        | HP: 1/24 [wolf (5)]
   515 | D        | Killed a wolf
   515 | D        | Reached **** piety under Makhleb
   515 | D        | Reached skill level 7 in Dodging
   515 | D        | Reached XP level 6. HP: 28/28 MP: 5/19
   651 | D        | Reached skill level 8 in Dodging
   828 | D        | Reached skill level 9 in Dodging
  1209 | D        | Noticed an orc warrior
  1211 | D        | Killed an orc warrior
  1211 | D        | Reached skill level 11 in Dodging
  1213 | D        | Noticed a wraith
  1234 | D        | HP: 1/28 [wraith (6)]
  1240 | D        | Killed a wraith
  1240 | D        | Reached ***** piety under Makhleb
  1240 | D        | Reached skill level 10 in Stealth
  1240 | D        | Reached XP level 7. HP: 32/32 MP: 6/20
  1519 | D        | Reached skill level 5 in Short Blades
  1887 | D        | Noticed a flayed ghost
  1907 | D        | Killed a flayed ghost
  1907 | D        | Reached XP level 8. HP: 36/36 MP: 20/22
  2055 | D        | Reached ****** piety under Makhleb
  2064 | D        | Noticed a jumping spider
  2067 | D        | Killed a jumping spider
  2067 | D        | Reached skill level 10 in Short Blades
  2079 | D        | Noticed a sea snake
  2090 | D        | Killed a sea snake
  2090 | D        | Reached skill level 10 in Invocations
  2094 | D        | Reached XP level 9. HP: 39/39 MP: 19/23
  2142 | D        | Noticed a deep troll
  2146 | D        | Killed a deep troll
  2253 | D        | Noticed a death yak
  2253 | D        | Noticed a polar bear
  2286 | D        | Killed a death yak
  2519 | D        | Noticed an elephant
  2522 | D        | Reached skill level 1 in Fighting
  2538 | D        | Killed an elephant
  2546 | D        | Killed a polar bear
  2546 | D        | Reached XP level 10. HP: 49/49 MP: 11/24
  2925 | D        | Noticed a lindwurm
  2926 | D        | Noticed a manticore
  2937 | D        | Killed a lindwurm
  2948 | D        | Killed a manticore
  2948 | D        | Reached skill level 5 in Fighting
  3226 | D        | Noticed a lindwurm
  3238 | D        | Killed a lindwurm
  3243 | D        | Noticed an orange demon
  3267 | D        | Killed an orange demon
  3447 | D        | Reached skill level 12 in Dodging
  3756 | D        | Reached skill level 13 in Dodging
  3757 | D        | Noticed Maurice
  3770 | D        | Killed Maurice
  3770 | D        | Reached skill level 14 in Dodging
  4055 | D        | Noticed an orc high priest
  4075 | D        | Killed an orc high priest
  4075 | D        | Reached skill level 15 in Dodging
  4075 | D        | Reached XP level 11. HP: 58/58 MP: 9/25
  4468 | D        | Reached skill level 16 in Dodging
  4580 | D        | Noticed a death yak
  4592 | D        | Reached skill level 10 in Spellcasting
  4999 | D        | Killed a death yak
  5852 | D        | Noticed an orc knight
  5854 | D        | Noticed an orc sorcerer
  6526 | D        | Noticed a wizard
  6541 | D        | Noticed a death cob
  6541 | D        | Killed a wizard
  6549 | D        | Noticed a frost giant
  6550 | D        | Noticed a fire dragon
  6551 | D        | Mangled by a death cob

Vault maps used:
D:        pitsprint

Skill      XL: |  1  2  3  4  5  6  7  8  9 10 11 |
---------------+----------------------------------+-----
Spellcasting   | 4 5 6 9 11 | 11.1
Hexes          | 6 7 8 10 12 14 | 14.2
Dodging        | 7 11 15 16 | 16.0
Stealth        | 6 10 11 14 | 14.3
Short Blades   | 4 9 10 12 | 12.6
Invocations    | 7 10 13 14 | 14.0
Fighting       | 3 7 |  7.0

Action                   |  1- 3 |  4- 6 |  7- 9 | 10-12 || total
-------------------------+-------+-------+-------+-------++-------
Melee: Dagger            |    12 |    29 |    41 |    76 ||   158
       Long sword        |       |    11 |       |       ||    11
Throw: Stone             |     1 |       |     1 |     9 ||    11
 Cast: Ensorcelled Hiber |     4 |     8 |    26 |    46 ||    84
       Confuse           |     2 |    10 |     6 |    28 ||    46
       Dazzling Spray    |       |     3 |       |     6 ||     9
Invok: Lesser Servant of |       |       |     1 |    11 ||    12
       Greater Servant o |       |       |       |     2 ||     2
       Major Destruction |       |       |       |     1 ||     1
  Use: Potion            |       |     4 |     1 |       ||     5
 Stab: Sleeping          |     6 |     7 |    15 |    25 ||    53
       Confused          |     1 |     2 |     4 |    15 ||    22
       Distracted        |       |     1 |     1 |       ||     2
       Invisible         |       |       |       |     3 ||     3
  Eat: Fruit             |       |       |     1 |     5 ||     6
Armor: Robe              |     2 |     1 |     4 |     1 ||     8
Dodge: Dodged            |    18 |    43 |    36 |    70 ||   167
